[Event "Titled Tuesday Blitz March 14 Early 2023"]
[White "Erigaisi Arjun"]
[Black "Martinez Alcantara, Jose Eduardo"]
[WhiteFideId "35009192"]
[BlackFideId "3805662"]
[WhiteElo "2737"]
[BlackElo "2712"]
[Result "1/2-1/2"]
[Round "07"]
[TimeControl "180+2"]
[Date "2023.03.14"]
[WhiteClock "0:00:13"]
[BlackClock "0:00:11"]

1. c4 e6 2. Nc3 d5 3. d4 a6 4. cxd5 exd5 5. Nf3 Nf6 6. Bg5 Be6 7. e3 Nbd7 8. Bd3 Bd6 9. O-O c6 10. Ne2 h6 11. Bf4 Qb8 12. h3 O-O 13. b4 Bxf4 14. Nxf4 Qd6 15. Qb3 b5 16. Nxe6 Qxe6 17. a4 Nb6 18. axb5 axb5 19. Qc3 Nc4 20. Ne5 Nd7 21. Rxa8 Rxa8 22. Ra1 Rc8 23. Nf3 Ndb6 24. Ra7 g6 25. h4 Re8 26. h5 g5 27. Bc2 Nd7 28. Ne5 Ndxe5 29. dxe5 Nxe5 30. Bb1 Qg4 31. Qc2 Nf3+ 32. Kf1 Qc4+ 33. Qxc4 Nd2+ 34. Ke2 Nxc4 35. Bf5 Re5 36. Bd7 d4 37. Bxc6 dxe3 38. f3 Nd6 39. g4 Kf8 40. Rd7 Re6 41. Bd5 Rf6 42. Kxe3 Ke8 43. Rc7 Rf4 44. Bc6+ Kf8 45. Bd5 Ke8 46. Ra7 Rxb4 47. Ra8+ Ke7 48. Rh8 Ra4 49. Rxh6 b4 50. Rh8 Ra3+ 51. Kf2 Ra5 52. Bb3 Ra3 53. h6 Kf6 54. Bd5 Kg6 55. Be4+ Nxe4+ 56. fxe4 b3 57. e5 Ra2+ 58. Kf3 Ra1 59. Rb8 Ra3 60. Rb6+ Kh7 61. Ke4 b2 62. Kf5 Ra1 63. Rxb2 Kxh6 64. Rb6+ Kg7 65. Kxg5 Rf1 66. Rf6 Re1 67. Rf5 Rxe5 68. Rxe5 f6+ 69. Kf5 fxe5 70. Kxe5 Kg6 71. Kf4 Kf6 72. g5+ Kg6 73. Kg4 Kg7 74. Kf5 Kf7 75. g6+ Kg7 76. Kg5 Kg8 77. Kf6 Kf8 78. g7+ Kg8 79. Kg6 1/2-1/2


[Site "https://www.chess.com"]

[Event "Titled Tuesday Blitz March 14 Early 2023"]
[White "Xu, Xiangyu"]
[Black "Caruana, Fabiano"]
[WhiteFideId "8608288"]
[BlackFideId "2020009"]
[WhiteElo "2477"]
[BlackElo "2818"]
[Result "1-0"]
[Round "07"]
[TimeControl "180+2"]
[Date "2023.03.14"]
[WhiteClock "0:00:07"]
[BlackClock "0:00:07"]

1. d4 Nf6 2. Bg5 d5 3. Nd2 c5 4. dxc5 e6 5. e4 Bxc5 6. e5 h6 7. Bh4 g5 8. Bg3 Nfd7 9. h4 gxh4 10. Bxh4 Qb6 11. Nb3 Nc6 12. Nf3 a5 13. a4 Rg8 14. Bb5 Rg4 15. Nxc5 Nxc5 16. O-O Bd7 17. Qc1 Rg6 18. Bf6 Ne4 19. Nh4 Rg8 20. Qxh6 Nd4 21. Qh7 Nxf6 22. exf6 O-O-O 23. Bxd7+ Kxd7 24. Qxf7+ Kc8 25. Rae1 Rdf8 26. Qe7 Rh8 27. Ng6 Rfg8 28. Qf7 Kb8 29. Re3 Qd6 30. Nxh8 Rxh8 31. g3 e5 32. Qg7 Rc8 33. f7 Ka7 34. c3 Nc6 35. Rf3 Rf8 36. Rd1 d4 37. cxd4 exd4 38. Rf5 Qe7 39. Qf6 Qe2 40. Rc1 d3 41. Rxc6 bxc6 42. Qxc6 Qe1+ 43. Kg2 d2 44. Rxa5+ Kb8 45. Ra8# 1-0


[Site "https://www.chess.com"]

[Event "Titled Tuesday Blitz March 14 Early 2023"]
[White "Eljanov, Pavel"]
[Black "Dubov, Daniil"]
[WhiteFideId "14102951"]
[BlackFideId "24126055"]
[WhiteElo "2598"]
[BlackElo "2802"]
[Result "0-1"]
[Round "07"]
[TimeControl "180+2"]
[Date "2023.03.14"]
[WhiteClock "0:00:04"]
[BlackClock "0:00:20"]

1. e4 c5 2. Nf3 e6 3. d4 cxd4 4. Nxd4 Nf6 5. Nc3 Nc6 6. g3 d5 7. Bg2 Bc5 8. Nb3 Bb4 9. O-O Bxc3 10. exd5 exd5 11. bxc3 O-O 12. Re1 Bf5 13. Nd4 Be4 14. Bg5 Bxg2 15. Kxg2 h6 16. Nxc6 bxc6 17. Bxf6 Qxf6 18. Qd4 Qg6 19. Re2 f5 20. f4 Rfe8 21. Re5 Rxe5 22. fxe5 Qe6 23. Re1 Rf8 24. Rf1 a5 25. h3 g5 26. Rf2 Rf7 27. a4 Kg7 28. Qc5 Qxe5 29. Qxa5 Qe4+ 30. Kg1 Qe3 31. Qb4 Qxg3+ 32. Rg2 Qe1+ 33. Kh2 Qe5+ 34. Kh1 f4 35. a5 f3 36. Rf2 Qe1+ 0-1


[Site "https://www.chess.com"]

[Event "Titled Tuesday Blitz March 14 Early 2023"]
[White "Rustemov, Alexander"]
[Black "Bluebaum, Matthias"]
[WhiteFideId "4119002"]
[BlackFideId "24651516"]
[WhiteElo "2933"]
[BlackElo "2638"]
[Result "0-1"]
[Round "07"]
[TimeControl "180+2"]
[Date "2023.03.14"]
[WhiteClock "0:00:04"]
[BlackClock "0:00:09"]

1. d4 d5 2. c4 e6 3. Nc3 Bb4 4. Nf3 Nf6 5. Bg5 h6 6. Bxf6 Qxf6 7. e3 c5 8. cxd5 exd5 9. Bb5+ Bd7 10. Bxd7+ Nxd7 11. O-O Bxc3 12. bxc3 O-O 13. Qb3 Qc6 14. Rfb1 Rab8 15. a4 a6 16. a5 Rfc8 17. h3 Nf6 18. Ne5 Qc7 19. Qa3 Ne4 20. Nd3 cxd4 21. cxd4 Nd2 22. Rb4 Nc4 23. Qa2 Qc6 24. Nc5 Nd6 25. Rc1 Nc4 26. e4 Nd6 27. Qxd5 Nxe4 28. Qb3 Nd6 29. Rb6 Qc7 30. Rd1 Nb5 31. Qf3 Nxd4 32. Rxd4 Qxc5 33. Rd7 Rf8 34. Rbxb7 Rxb7 35. Rxb7 Qxa5 36. g3 Qc5 37. Kg2 a5 38. h4 a4 39. Rd7 a3 40. Rd3 a2 41. Ra3 Qc2 42. Qd5 Re8 43. Rxa2 Qe4+ 44. Qxe4 Rxe4 45. Rd2 Re7 46. Rd3 h5 47. Rd5 g6 48. Rd4 Kg7 49. Kf3 Ra7 50. Re4 Ra5 51. Re3 Rf5+ 52. Ke2 Kf6 53. Rf3 Rxf3 54. Kxf3 Kf5 55. Ke3 Kg4 56. Ke4 f5+ 57. Ke3 f4+ 58. gxf4 Kxh4 59. f5 gxf5 60. Kf4 Kh3 61. Kxf5 h4 62. f4 Kg3 63. Kg5 h3 64. f5 h2 65. f6 h1=Q 66. f7 Qh8 0-1


[Site "https://www.chess.com"]

[Event "Titled Tuesday Blitz March 14 Early 2023"]
[White "Lazavik, Denis"]
[Black "Urazayev, Arystanbek"]
[WhiteFideId "13515110"]
[BlackFideId "13709810"]
[WhiteElo "2560"]
[BlackElo "2479"]
[Result "1-0"]
[Round "07"]
[TimeControl "180+2"]
[Date "2023.03.14"]
[WhiteClock "0:01:03"]
[BlackClock "0:00:42"]

1. d4 d5 2. c4 e6 3. Nf3 Nf6 4. g3 Be7 5. Bg2 O-O 6. O-O c6 7. b3 a5 8. Qc2 b6 9. Rd1 Nbd7 10. Bb2 Ba6 11. Nbd2 c5 12. e4 cxd4 13. Nxd4 Rc8 14. exd5 Nxd5 15. Ne4 N5f6 16. Ng5 Qe8 17. Bc6 h6 18. Bxd7 Qxd7 19. Ndxe6 Qc6 20. Bxf6 hxg5 21. Nxg5 g6 22. Bxe7 Bb7 23. Qe4 Qc7 24. Qh4 1-0


[Site "https://www.chess.com"]

[Event "Titled Tuesday Blitz March 14 Early 2023"]
[White "Aditya Mittal"]
[Black "Firouzja, Alireza"]
[WhiteFideId "35042025"]
[BlackFideId "12573981"]
[WhiteElo "2396"]
[BlackElo "2904"]
[Result "0-1"]
[Round "07"]
[TimeControl "180+2"]
[Date "2023.03.14"]
[WhiteClock "0:00:01"]
[BlackClock "0:00:46"]

1. d4 Nf6 2. c4 g6 3. Nc3 Bg7 4. e4 d6 5. Be2 O-O 6. Be3 e5 7. d5 Na6 8. h4 Nc5 9. Qc2 h5 10. f3 c6 11. Nh3 cxd5 12. cxd5 Bd7 13. Nf2 Rc8 14. Qd2 Qa5 15. Rb1 Qd8 16. g4 hxg4 17. fxg4 Nh7 18. h5 Bf6 19. Nd3 Bg5 20. Nxc5 Rxc5 21. Qd3 Bxe3 22. Qxe3 Qg5 23. Kd2 Qxe3+ 24. Kxe3 Ng5 25. Rbf1 Kg7 26. hxg6 Kxg6 27. Rh5 Rfc8 28. Rxg5+ Kxg5 29. Rxf7 R5c7 30. Bb5 Bxg4 31. Rf1 Rh8 32. Rg1 Rh3+ 33. Kd2 Kf4 34. Rf1+ Rf3 35. Rh1 Rf2+ 36. Kc1 Bf3 37. Rh6 Bxe4 38. Rxd6 Rc2+ 39. Kd1 Rxb2 40. Be2 Rxc3 0-1


[Site "https://www.chess.com"]

[Event "Titled Tuesday Blitz March 14 Early 2023"]
[White "Zahid, Sanatan"]
[Black "Le, Tuan Minh"]
[WhiteFideId "10201963"]
[BlackFideId "12401153"]
[WhiteElo "1865"]
[BlackElo "2558"]
[Result "0-1"]
[Round "07"]
[TimeControl "180+2"]
[Date "2023.03.14"]
[WhiteClock "0:00:10"]
[BlackClock "0:00:41"]

1. d4 d5 2. Nc3 Bf5 3. Bf4 Nf6 4. e3 e6 5. Nf3 a6 6. Ne5 Bd6 7. g4 Bxe5 8. dxe5 Nxg4 9. h3 Nh6 10. Rg1 Bg6 11. Qf3 Nc6 12. O-O-O Qe7 13. Be2 Nf5 14. Bg5 Nxe5 15. Qg2 f6 16. Bf4 O-O-O 17. Qh2 Nc6 18. h4 d4 19. exd4 Nfxd4 20. Bd3 Nf3 21. Qh3 Nxg1 22. Rxg1 Bxd3 23. cxd3 Kb8 24. Be3 Rd7 25. Ne4 Rhd8 26. Nc5 Rd5 27. Nxe6 Re8 28. Nxg7 Rg8 29. Qh1 Re5 30. Bh6 Re2 31. Kb1 Qc5 32. Ka1 Qxf2 33. Rb1 Nd4 34. a3 Qg2 35. Nh5 Nb3+ 36. Ka2 Rxb2+ 0-1


[Site "https://www.chess.com"]

[Event "Titled Tuesday Blitz March 14 Early 2023"]
[White "Sarana, Alexey"]
[Black "Vakhlamov, Igor L."]
[WhiteFideId "24133795"]
[BlackFideId "24126748"]
[WhiteElo "2714"]
[BlackElo "2400"]
[Result "1-0"]
[Round "07"]
[TimeControl "180+2"]
[Date "2023.03.14"]
[WhiteClock "0:02:00"]
[BlackClock "0:00:31"]

1. c4 c5 2. Nf3 Nf6 3. Nc3 e6 4. d4 d5 5. cxd5 cxd4 6. Qxd4 exd5 7. Bg5 Be7 8. Rd1 O-O 9. e3 Be6 10. Qa4 h6 11. Bh4 Qb6 12. Qb5 Nc6 13. Qxb6 axb6 14. Bb5 g5 15. Bg3 Ne4 16. a4 Nxc3 17. bxc3 Bf6 18. Nd4 Rfc8 19. Rb1 Na5 20. Nxe6 fxe6 21. Bd7 Bxc3+ 22. Ke2 Rc4 23. Bxe6+ Kg7 24. Rhc1 Bf6 25. Bxd5 Rxa4 26. Rc7+ Kg6 27. Rxb6 Rd8 28. Bf7+ Kf5 29. Rb5+ Be5 30. Bxe5 Nc6 31. Bc3+ Kg4 32. h3+ Kh4 33. Rbxb7 Rd6 34. Rb6 Nd4+ 35. Bxd4 Raxd4 36. Rxd6 Rxd6 37. Rc4+ g4 38. Rxg4# 1-0


[Site "https://www.chess.com"]

[Event "Titled Tuesday Blitz March 14 Early 2023"]
[White "Makhnev, Denis"]
[Black "Pakleza, Zbigniew"]
[WhiteFideId "13707647"]
[BlackFideId "1119290"]
[WhiteElo "2525"]
[BlackElo "2410"]
[Result "1-0"]
[Round "07"]
[TimeControl "180+2"]
[Date "2023.03.14"]
[WhiteClock "0:00:04"]
[BlackClock "0:00:01"]

1. d4 d6 2. Nf3 Bg4 3. e4 Nf6 4. Qe2 c6 5. h3 Bh5 6. Nc3 e6 7. g4 Bg6 8. h4 h5 9. g5 Nfd7 10. Bf4 Be7 11. O-O-O O-O 12. Bh3 d5 13. Ne5 Nxe5 14. Bxe5 Bb4 15. f4 Bxc3 16. f5 exf5 17. exf5 Bb4 18. fxg6 fxg6 19. Qd3 Kh7 20. Qb3 Qb6 21. c3 Be7 22. Qc2 Qd8 23. Rhe1 Nd7 24. Bh2 Rf3 25. Bg2 Rf5 26. Bf1 Bxg5+ 27. hxg5 Qxg5+ 28. Kb1 Raf8 29. Bd3 Rf2 30. Re2 Qg2 31. Bg1 Rxe2 32. Qxe2 Qxe2 33. Bxe2 Nf6 34. Bh2 Ne4 35. Be5 g5 36. Bxh5 Rf2 37. Kc1 g6 38. Bg4 Rg2 39. Rh1+ Kg8 40. Bf3 Rf2 41. Bxe4 dxe4 42. Re1 Kf7 43. Rxe4 Rg2 44. Bd6 g4 45. Re3 Kf6 46. c4 Kf5 47. d5 cxd5 48. cxd5 Rf2 49. Bg3 Rf1+ 50. Kc2 Rh1 51. d6 Rh8 52. Kd3 g5 53. Kd4 Rc8 54. Kd5 Rc2 55. Rd3 1-0


[Site "https://www.chess.com"]

[Event "Titled Tuesday Blitz March 14 Early 2023"]
[White "Lobanov, Sergei"]
[Black "Ider, Borya"]
[WhiteFideId "24183750"]
[BlackFideId "4901134"]
[WhiteElo "2489"]
[BlackElo "2512"]
[Result "1-0"]
[Round "07"]
[TimeControl "180+2"]
[Date "2023.03.14"]
[WhiteClock "0:01:56"]
[BlackClock "0:00:41"]

1. d4 e6 2. c4 b6 3. Nc3 Bb7 4. e4 g6 5. Nf3 Bg7 6. Bd3 d6 7. h4 h6 8. Be3 Ne7 9. Qd2 Nd7 10. O-O-O a6 11. Kb1 b5 12. cxb5 axb5 13. Bxb5 Kf8 14. g4 Nb6 15. h5 g5 16. Nxg5 hxg5 17. Bxg5 Rg8 18. h6 Bh8 19. h7 Rg7 20. Bf6 Nd7 21. Bxd7 Qxd7 22. Bxg7+ Bxg7 23. h8=Q+ Bxh8 24. Rxh8+ Ng8 25. Qg5 1-0


[Site "https://www.chess.com"]

[Event "Titled Tuesday Blitz March 14 Early 2023"]
[White "Reprintsev, Alexander"]
[Black "Zhigalko, Sergei"]
[WhiteFideId "14100541"]
[BlackFideId "13502956"]
[WhiteElo "2229"]
[BlackElo "2626"]
[Result "0-1"]
[Round "07"]
[TimeControl "180+2"]
[Date "2023.03.14"]
[WhiteClock "0:00:13"]
[BlackClock "0:00:03"]

1. e4 c5 2. b3 Nf6 3. e5 Nd5 4. Nc3 Nc7 5. d4 cxd4 6. Qxd4 Nc6 7. Qe3 d5 8. exd6 Qxd6 9. Bb2 Nb4 10. Qd2 Qxd2+ 11. Kxd2 Bf5 12. Nb5 O-O-O+ 13. Kc3 Ncd5+ 14. Kd2 Nxc2 15. Rc1 Nb4+ 16. Ke2 Bd3+ 17. Kf3 Bxf1 18. Rxf1 a6 19. Na3 Nxa3 20. Bxa3 Nc6 21. Nh3 e5 22. Bxf8 Rhxf8 23. Rd1 f6 24. g4 Rxd1 25. Rxd1 Rd8 26. Rc1 Rd3+ 27. Kg2 Kd7 28. Rc2 Nd4 29. Rb2 a5 30. f4 Nc6 31. g5 e4 32. gxf6 gxf6 33. Nf2 Rd4 34. f5 Ne7 35. Re2 e3 36. Rxe3 Nxf5 37. Re2 h5 38. Ne4 Nh4+ 39. Kg3 Nf5+ 40. Kg2 Kc6 41. Nxf6 h4 42. Kf3 Rb4 43. Re4 Nd4+ 44. Ke3 Nc2+ 45. Kf3 Nd4+ 46. Ke3 Nc2+ 47. Kf3 a4 48. bxa4 Rb2 49. Rxh4 Rxa2 50. Ne4 Rxa4 51. Rh6+ Kc7 52. Nc5 Nd4+ 53. Kf2 Ra2+ 54. Ke3 Nf5+ 55. Kf4 Nxh6 56. h4 Rc2 57. Ne6+ Kb6 58. Nd4 Rc4 59. Ke5 Rxd4 0-1


[Site "https://www.chess.com"]

[Event "Titled Tuesday Blitz March 14 Early 2023"]
[White "Xiong, Jeffery"]
[Black "Costachi, Mihnea"]
[WhiteFideId "2047640"]
[BlackFideId "1217518"]
[WhiteElo "2726"]
[BlackElo "2456"]
[Result "1-0"]
[Round "07"]
[TimeControl "180+2"]
[Date "2023.03.14"]
[WhiteClock "0:02:29"]
[BlackClock "0:00:05"]

1. d4 Nf6 2. c4 g6 3. Nc3 Bg7 4. e4 O-O 5. Be2 d6 6. Be3 Na6 7. Nf3 e5 8. d5 Nc5 9. Nd2 a5 10. b3 Ne8 11. f3 f5 12. O-O f4 13. Bf2 g5 14. a3 h5 15. b4 Na6 16. c5 Rf7 17. Nc4 Bf8 18. cxd6 cxd6 19. bxa5 Rg7 20. Nb6 Rb8 21. Kh1 g4 22. Rc1 g3 23. Bg1 Bh3 24. hxg3 fxg3 25. gxh3 g2+ 26. Kh2 Qg5 27. Bf2 Be7 28. Re1 Qf4+ 29. Kg1 Bh4 30. Bxa6 Bxf2+ 31. Kxf2 g1=Q+ 32. Rxg1 Qh2+ 33. Ke3 Qf4+ 34. Kd3 bxa6 35. Qe2 Nf6 36. Rxg7+ Kxg7 37. Qe3 Qh2 38. Qg1+ Qxg1 39. Rxg1+ Kf7 40. Na2 Rxb6 41. axb6 1-0


[Site "https://www.chess.com"]

[Event "Titled Tuesday Blitz March 14 Early 2023"]
[White "Shimanov, Aleksandr"]
[Black "Smirnov, Pavel"]
[WhiteFideId "4198603"]
[BlackFideId "4123425"]
[WhiteElo "2631"]
[BlackElo "2519"]
[Result "1-0"]
[Round "07"]
[TimeControl "180+2"]
[Date "2023.03.14"]
[WhiteClock "0:00:17"]
[BlackClock "0:00:01"]

1. e4 e5 2. Nf3 Nc6 3. Nc3 Nf6 4. h3 Bb4 5. Nd5 Nxd5 6. exd5 e4 7. dxc6 exf3 8. Qxf3 dxc6 9. Bc4 Qe7+ 10. Kd1 O-O 11. Re1 Qd8 12. c3 Bd6 13. Kc2 Qg5 14. g4 Qg6+ 15. d3 Kh8 16. a4 Bd7 17. Bd2 Rad8 18. Re2 a6 19. a5 b5 20. axb6 cxb6 21. Rxa6 b5 22. Bb3 f5 23. g5 f4 24. h4 Bf5 25. Rxc6 h5 26. gxh6 gxh6 27. Kc1 h5 28. Re1 Bxd3 29. Re6 Qg1+ 30. Bd1 Bg6 31. Rexd6 1-0


[Site "https://www.chess.com"]

[Event "Titled Tuesday Blitz March 14 Early 2023"]
[White "Lenderman, Aleksandr"]
[Black "EREBUNI91"]
[WhiteFideId "2021285"]
[WhiteElo "2607"]
[BlackElo "2762"]
[Result "0-1"]
[Round "07"]
[TimeControl "180+2"]
[Date "2023.03.14"]
[WhiteClock "0:01:54"]
[BlackClock "0:01:00"]

1. d4 Nf6 2. c4 e6 3. g3 d5 4. Bg2 Be7 5. Nc3 O-O 6. Nf3 dxc4 7. Ne5 Nc6 8. Bxc6 bxc6 9. Nxc6 Qe8 10. Nxe7+ Qxe7 11. Qa4 e5 12. dxe5 Qxe5 13. O-O Be6 14. Bf4 Qc5 15. Rfd1 Rfd8 16. Be3 Qh5 17. f3 Nd5 18. Qa5 c6 19. Bf2 Rd7 20. e4 Qxf3 0-1


[Site "https://www.chess.com"]

[Event "Titled Tuesday Blitz March 14 Early 2023"]
[White "Cherniaiev, Tykhon"]
[Black "Daneshvar, Bardiya"]
[WhiteFideId "14182360"]
[BlackFideId "12576468"]
[WhiteElo "2450"]
[BlackElo "2468"]
[Result "0-1"]
[Round "07"]
[TimeControl "180+2"]
[Date "2023.03.14"]
[WhiteClock "0:00:02"]
[BlackClock "0:01:49"]

1. Nf3 b6 2. g3 Bb7 3. Bg2 g6 4. O-O Bg7 5. d4 Nf6 6. c4 O-O 7. Nc3 Ne4 8. Qc2 Nxc3 9. bxc3 Nc6 10. Nd2 Qc8 11. Rb1 Na5 12. Bxb7 Qxb7 13. Ba3 d6 14. c5 Qa6 15. cxb6 axb6 16. Qe4 e6 17. Bb2 Nc4 18. Nxc4 Qxc4 19. a3 d5 20. Qf3 c5 21. e4 cxd4 22. cxd4 dxe4 23. Qxe4 Rfd8 24. Rfc1 Qd5 25. Qxd5 Rxd5 26. Bc3 b5 27. Rb3 Bxd4 28. Bxd4 Rxd4 29. Rxb5 Rxa3 30. Rbc5 Kg7 31. R5c3 Ra2 32. Rf3 g5 33. Rc7 g4 34. Rcxf7+ Kg6 35. R3f4 Rd1+ 36. Kg2 Raa1 37. R4f6+ Kh5 38. Rxh7+ Kg5 0-1


[Site "https://www.chess.com"]

[Event "Titled Tuesday Blitz March 14 Early 2023"]
[White "Fernandez Guillen, Ernesto J."]
[Black "Steinberg, Nitzan"]
[WhiteFideId "3512428"]
[BlackFideId "2801795"]
[WhiteElo "2423"]
[BlackElo "2486"]
[Result "1-0"]
[Round "07"]
[TimeControl "180+2"]
[Date "2023.03.14"]
[WhiteClock "0:00:18"]
[BlackClock "0:00:07"]

1. e4 c5 2. Nf3 e6 3. d4 cxd4 4. Nxd4 Nc6 5. Nc3 Qc7 6. Be3 a6 7. Qd2 Nf6 8. O-O-O Bb4 9. f3 Ne5 10. Qe1 O-O 11. f4 Nxe4 12. fxe5 Nxc3 13. bxc3 Bxc3 14. Qg3 Re8 15. Rd3 Bb4 16. Bh6 Bf8 17. Qg5 Qd8 18. Qxd8 Rxd8 19. Bg5 Re8 20. Be2 b5 21. Bf3 Ra7 22. Rhd1 Rc7 23. Kb1 b4 24. Nb3 a5 25. Nxa5 Rc5 26. Nb3 Rxe5 27. Bf4 Rb5 28. Bd6 Bxd6 29. Rxd6 Kf8 30. Be2 Rb8 31. Kb2 Ke7 32. c3 bxc3+ 33. Kxc3 Rd8 34. Nc5 Ra8 35. a4 f5 36. Bb5 Ra7 37. Nxe6 Rf8 38. Nxg7 Rc7+ 39. Kb3 f4 40. Nh5 Rf5 41. Rh6 Rf7 42. Bc4 d5 43. Bxd5 Rf5 44. Rxh7+ Kd8 45. Be4+ 1-0


[Site "https://www.chess.com"]

[Event "Titled Tuesday Blitz March 14 Early 2023"]
[White "Timofeev, Artyom"]
[Black "Rohith Krishna S"]
[WhiteFideId "4140419"]
[BlackFideId "46617051"]
[WhiteElo "2586"]
[BlackElo "2270"]
[Result "1/2-1/2"]
[Round "07"]
[TimeControl "180+2"]
[Date "2023.03.14"]
[WhiteClock "0:00:10"]
[BlackClock "0:00:14"]

1. e4 e5 2. Nf3 Nc6 3. Bb5 a6 4. Ba4 Nf6 5. d3 b5 6. Bb3 Bc5 7. O-O d6 8. c3 O-O 9. Nbd2 Bb6 10. h3 Ne7 11. Re1 Ng6 12. Nf1 h6 13. Ng3 Kh8 14. d4 c5 15. Be3 c4 16. Bc2 Bb7 17. Qd2 Ng8 18. Rad1 Qc7 19. Nf5 N6e7 20. Nxe7 Qxe7 21. dxe5 Bxe3 22. exd6 Bxd2 23. dxe7 Bxe1 24. exf8=Q Bxf2+ 25. Kxf2 Rxf8 26. Rd7 Bc8 27. Ra7 Nf6 28. Nd4 Kg8 29. Nc6 Re8 30. Ne7+ Kf8 31. Nxc8 Rxc8 32. Rxa6 Nd7 33. Ke3 Rb8 34. a3 Ke7 35. Kd4 Nf8 36. Ra7+ Ke8 37. e5 Ne6+ 38. Ke3 Nd8 39. Ra6 Rb7 40. Be4 Rd7 41. Bc6 Nxc6 42. Rxc6 Rd5 43. e6 f5 44. g4 fxg4 45. hxg4 Ke7 46. Ke4 Rd2 47. Kf5 Rxb2 48. Rc7+ Kd6 49. Rd7+ Kc6 50. Rxg7 Rf2+ 51. Ke5 Rf3 52. Rg8 Re3+ 53. Kf6 Rf3+ 54. Ke5 Re3+ 55. Kf5 Kd6 56. Rb8 Rf3+ 57. Ke4 Rxc3 58. Rb6+ Ke7 59. Rxb5 Kxe6 60. Rb6+ Kf7 61. Rxh6 Rxa3 62. Rc6 c3 63. Kd3 Kg7 64. Rxc3 Rxc3+ 65. Kxc3 Kg6 66. Kd4 Kg5 67. Ke5 Kxg4 1/2-1/2


[Site "https://www.chess.com"]

[Event "Titled Tuesday Blitz March 14 Early 2023"]
[White "Tanenbaum, Zachary"]
[Black "Ibarra Jerez, Jose Carlos"]
[WhiteFideId "2060850"]
[BlackFideId "2226332"]
[WhiteElo "2175"]
[BlackElo "2638"]
[Result "1-0"]
[Round "07"]
[TimeControl "180+2"]
[Date "2023.03.14"]
[WhiteClock "0:01:43"]
[BlackClock "0:01:16"]

1. e4 c5 2. Nf3 Nc6 3. Nc3 e6 4. d4 cxd4 5. Nxd4 Nf6 6. Ndb5 Bc5 7. Nd6+ Ke7 8. Bf4 e5 9. Nf5+ Kf8 10. Bg5 Bb4 11. Bc4 Qa5 12. Bxf6 Bxc3+ 13. Kf1 gxf6 14. Qd6+ Ke8 15. Qxf6 d5 16. Bxd5 Rf8 17. Bxc6+ bxc6 18. Qe7# 1-0


[Site "https://www.chess.com"]

[Event "Titled Tuesday Blitz March 14 Early 2023"]
[White "Ozen, Bahadir"]
[Black "Liyanage, Ranindu Dilshan"]
[WhiteFideId "6337058"]
[BlackFideId "9915834"]
[WhiteElo "2503"]
[BlackElo "2199"]
[Result "1/2-1/2"]
[Round "07"]
[TimeControl "180+2"]
[Date "2023.03.14"]
[WhiteClock "0:01:13"]
[BlackClock "0:01:06"]

1. d4 Nf6 2. Nf3 d5 3. c4 e6 4. Nc3 Bb4 5. Bg5 h6 6. Bxf6 Qxf6 7. e3 O-O 8. Rc1 dxc4 9. Bxc4 c5 10. O-O cxd4 11. Ne4 Qf5 12. Ng3 Qa5 13. Nxd4 Bd7 14. a3 Be7 15. Qb3 Qb6 16. Qxb6 axb6 17. Rfd1 Nc6 18. Ndf5 Rfd8 19. Nxe7+ Nxe7 20. Ne4 Bc6 21. Nc3 Rac8 22. Be2 Rxd1+ 23. Rxd1 Nd5 24. Rc1 Nxc3 25. Rxc3 Rd8 26. Rd3 Rc8 27. Rc3 Rd8 28. Rd3 Rc8 29. Rc3 1/2-1/2


[Site "https://www.chess.com"]

[Event "Titled Tuesday Blitz March 14 Early 2023"]
[White "Samant Aditya S"]
[Black "Madaminov, Mukhiddin"]
[WhiteFideId "35080580"]
[BlackFideId "14210703"]
[WhiteElo "2362"]
[BlackElo "2511"]
[Result "0-1"]
[Round "07"]
[TimeControl "180+2"]
[Date "2023.03.14"]
[WhiteClock "0:00:03"]
[BlackClock "0:00:10"]

1. b3 g6 2. Bb2 Nf6 3. Nf3 Bg7 4. e3 O-O 5. c4 d6 6. Be2 e5 7. d3 Re8 8. O-O c5 9. Nbd2 Nc6 10. a3 Rb8 11. Qc2 a6 12. Ne4 Bf5 13. Nfd2 Qd7 14. Nxf6+ Bxf6 15. Ne4 Bg7 16. Nc3 b5 17. Nd5 a5 18. Qc1 bxc4 19. bxc4 Rb3 20. Bc3 Nd4 21. Bd1 Rbb8 22. e4 Be6 23. Bxa5 f5 24. Bc3 fxe4 25. dxe4 Bxd5 26. cxd5 Qb5 27. a4 Qd3 28. Qe3 Qc4 29. a5 Ra8 30. h4 Rf8 31. Re1 Rf4 32. g3 Rf7 33. Kg2 Raf8 34. Rf1 Bh6 35. Qxh6 Qxc3 36. Ra2 Qd3 37. a6 Qxe4+ 38. Kg1 Qxd5 39. Qd2 Ra7 40. h5 Rfa8 41. hxg6 hxg6 42. Qh6 Rh7 43. Qxg6+ Kh8 44. f3 Qxa2 45. Qf6+ Kg8 46. Rf2 Qe6 47. Qg5+ Rg7 48. Qe3 Rxa6 49. Kg2 Ra2 50. Qe4 Rxf2+ 51. Kxf2 Qa2+ 52. Kf1 Rxg3 53. Qb7 Qg2+ 54. Ke1 Qg1+ 55. Kd2 Rg2+ 56. Kd3 Qxd1+ 57. Ke4 Qxf3# 0-1


[Site "https://www.chess.com"]

[Event "Titled Tuesday Blitz March 14 Early 2023"]
[White "Real_OceanStorm"]
[Black "Agasarov, Benik"]
[BlackFideId "13314823"]
[WhiteElo "2816"]
[BlackElo "2179"]
[Result "0-1"]
[Round "07"]
[TimeControl "180+2"]
[Date "2023.03.14"]
[WhiteClock "0:00:04"]
[BlackClock "0:00:14"]

1. e4 c5 2. Nf3 d6 3. c3 Nf6 4. Be2 g6 5. O-O Bg7 6. Re1 O-O 7. Bf1 e5 8. d4 cxd4 9. cxd4 exd4 10. Nxd4 Nc6 11. Nc3 d5 12. Bg5 h6 13. Bxf6 Qxf6 14. Nxc6 bxc6 15. exd5 cxd5 16. Nxd5 Qxb2 17. Rb1 Qxa2 18. Nb4 Qa5 19. Nc6 Qg5 20. Re3 Bg4 21. Qd6 Rae8 22. Rg3 Re6 23. Qc7 Qc5 24. Rc1 Qxc1 25. Ne7+ Rxe7 26. Qxc1 Rc8 27. Qa3 Re1 28. Rxg4 Rcc1 29. Qd3 Rcd1 30. Qxd1 Rxd1 31. Ra4 Bd4 32. Ra2 Bb6 33. g3 Kg7 34. Kg2 a5 35. Bb5 Rd4 36. Rb2 Bc5 37. Rc2 Bd6 38. Rc1 Rb4 39. Bd3 Rb2 40. Rc6 Be5 41. Rc2 Rb3 42. Bc4 Rb4 43. Bf1 a4 44. Rc4 Rxc4 45. Bxc4 a3 46. Kf3 Bb2 47. Ke3 Kf6 48. Bd5 Ke7 49. Kd3 f6 50. Bb3 Kd6 51. Kc4 g5 52. f3 Ke5 53. Kb4 Kd4 54. Be6 Ke3 55. Bd5 Kf2 56. g4 Kg2 57. Ka4 Kxh2 58. Kb4 Kg3 59. Kb3 Kf4 60. Bc6 f5 61. Bd7 Kxf3 62. Bxf5 Kf4 63. Bc8 Bc1 64. Ka2 Ke5 65. Bd7 Kd6 66. Ba4 Bb2 67. Bd1 Ke7 68. Be2 Kf6 69. Bd3 Bc1 70. Bb5 Bb2 71. Bc4 Ke5 72. Bf7 Bc1 73. Bb3 Bb2 74. Bc4 Kf4 75. Be6 Kg3 76. Kb3 Kh4 77. Bc8 h5 78. gxh5 Kxh5 79. Bh3 Kh4 80. Bg2 g4 81. Bd5 Kg3 82. Be6 Kf3 83. Bd5+ Kf2 84. Ka2 g3 85. Bh1 g2 86. Bxg2 Kxg2 87. Kb3 Kf3 88. Ka2 Ke4 89. Kb3 Kd5 90. Kc2 Kc4 91. Kb1 Bd4 92. Ka2 Kb4 93. Kb1 Kb3 0-1


[Site "https://www.chess.com"]

[Event "Titled Tuesday Blitz March 14 Early 2023"]
[White "Ozates, Tuna"]
[Black "Albornoz Cabrera, Carlos Daniel"]
[WhiteFideId "6354521"]
[BlackFideId "3518736"]
[WhiteElo "2151"]
[BlackElo "2501"]
[Result "0-1"]
[Round "07"]
[TimeControl "180+2"]
[Date "2023.03.14"]
[WhiteClock "0:00:43"]
[BlackClock "0:01:04"]

1. e4 c5 2. Nf3 Nc6 3. Bb5 d6 4. Bxc6+ bxc6 5. O-O Bg4 6. h3 Bh5 7. c3 Nf6 8. Re1 Nd7 9. d4 e6 10. d5 Ne5 11. g4 Nxf3+ 12. Qxf3 Bg6 13. dxe6 fxe6 14. Na3 Be7 15. e5 d5 16. Bf4 O-O 17. Qe3 Qb6 18. Re2 c4 19. Bg3 Bc5 20. Qd2 Rf3 21. Kg2 Raf8 22. b4 cxb3 23. axb3 Qxb3 24. Nc2 Be4 25. Kh2 Bd3 26. Re3 Qxc2 0-1


[Site "https://www.chess.com"]

[Event "Titled Tuesday Blitz March 14 Early 2023"]
[White "Galchenko, Matvey"]
[Black "Shuvalova, Polina"]
[WhiteFideId "24175480"]
[BlackFideId "24171760"]
[WhiteElo "2404"]
[BlackElo "2297"]
[Result "1-0"]
[Round "07"]
[TimeControl "180+2"]
[Date "2023.03.14"]
[WhiteClock "0:01:34"]
[BlackClock "0:00:50"]

1. f4 d5 2. Nf3 g6 3. g3 Bg7 4. Bg2 c5 5. O-O Nc6 6. d3 Nf6 7. Nc3 O-O 8. e4 dxe4 9. dxe4 e5 10. Qxd8 Rxd8 11. Nxe5 Nxe5 12. fxe5 Ng4 13. Bg5 Re8 14. Nd5 Bxe5 15. h3 Bd4+ 16. Kh1 Nf2+ 17. Kh2 Nxe4 18. Rae1 Bf5 19. Ne7+ Rxe7 20. Bxe7 Re8 21. Bxe4 Rxe7 22. Bxf5 Rxe1 23. Rxe1 gxf5 24. c3 Bf6 25. Re8+ Kg7 26. Rb8 b6 27. Rb7 Be5 28. Kg2 f4 29. g4 1-0


[Site "https://www.chess.com"]